 Dungeon Crawl Stone Soup version 0.24.0-5-g267a8d59f4 (webtiles) character file.

Game seed: 6462616845533360124, levelgen mode: deterministic

10182 Monsterracer the Cleaver (level 11, -17/100 HPs)
             Began as a Deep Dwarf Fighter on Nov 1, 2019.
             Was a Believer of Makhleb.
             Killed from afar by an ice dragon (52 damage)
             ... with a blast of cold
             ... on level 10 of the Dungeon.
             The game lasted 00:06:07 (7954 turns).

Monsterracer the Cleaver (Deep Dwarf Fighter)       Turns: 7954, Time: 00:06:07

Health: -17/100    AC: 21    Str: 34    XL:     11   Next: 32%
Magic:  5/5        EV: 11    Int: 10    God:    Makhleb [**....]
Gold:   1050       SH: 14    Dex: 12    Spells: 10/10 levels left

rFire    . . .     SeeInvis .   a - +1 war axe
rCold    . . .     Gourm    .   m - +1 shield
rNeg     + + .     Faith    .   x - +1 plate armour of Zin's Indignation {+Inv rN++ Str+2 Int-4}
rPois    .         Spirit   .   (no helmet)
rElec    .         Reflect  .   (no cloak)
rCorr    .         Harm     .   q - +2 pair of gloves
MR       +....                  E - +2 pair of boots
Stlth    ..........             (no amulet)
HPRegen  0.00/turn              u - +4 ring of strength
MPRegen  0.09/turn              v - +4 ring of evasion

@: mighty, brilliant, slightly contaminated, non-regenerating, hasted, very
quick
A: damage resistance, heal wounds, sense surroundings 2, no regeneration
a: Heal Wounds, Minor Destruction, Renounce Religion, Evoke Invisibility


You were on level 10 of the Dungeon.
You worshipped Makhleb.
Makhleb was pleased with you.
You were not hungry.

You visited 2 branches of the dungeon, and saw 11 of its levels.

You collected 1050 gold pieces.

Inventory:

Hand Weapons
 a - a +1 war axe (weapon)
 b - a +2 flail of protection
   (You took it off Edmund on level 6 of the Dungeon)
Armour
 m - a +1 shield (worn)
 q - a +2 pair of gloves (worn)
   (You found it on level 6 of the Dungeon)
 x - the +1 plate armour of Zin's Indignation (worn) {+Inv rN++ Str+2 Int-4}
   (You found it on level 5 of the Dungeon)

   It affects your strength (+2).
   It affects your intelligence (-4).
   It greatly protects you from negative energy.
   It lets you turn invisible.
 E - a +2 pair of boots (worn)
   (You found it on level 8 of the Dungeon)
Jewellery
 f - an uncursed ring of resist corrosion
   (You found it on level 10 of the Dungeon)
 u - a +4 ring of strength (left hand)
   (You found it on level 3 of the Dungeon)
 v - a +4 ring of evasion (right hand)
   (You found it on level 7 of the Dungeon)
 G - an uncursed ring of flight
   (You found it on level 9 of the Dungeon)
Wands
 y - a wand of disintegration (18)
   (You found it on level 8 of the Dungeon)
 A - a wand of flame (11)
   (You found it on level 7 of the Dungeon)
 B - a wand of paralysis (17)
   (You took it off an orc wizard on level 8 of the Dungeon)
Scrolls
 l - a scroll of fog
 n - 2 scrolls of fear {!r}
 r - 4 scrolls of remove curse
 t - a scroll of teleportation {!r}
 F - 2 scrolls of magic mapping {unknown}
 X - 2 scrolls of blinking
Potions
 d - 2 potions of heal wounds
 e - 6 potions of curing
 g - 2 potions of agility
 h - 3 potions of haste
 i - 4 potions of flight
 j - 3 potions of might
 k - 2 potions of magic {unknown}
 o - 2 potions of mutation {unknown}
 p - 3 potions of lignification
 s - a potion of invisibility {unknown}
 w - a potion of resistance {unknown}
 z - 2 potions of brilliance
 D - a potion of cancellation {unknown}
Comestibles
 c - 22 rations


   Skills:
 + Level 7.5 Fighting
 * Level 11.8 Axes
 + Level 9.0 Armour
 + Level 9.0 Shields
 + Level 5.0 Invocations
 - Level 5.3 Evocations


You had 10 spell levels left.
You didn't know any spells.
Your spell library was empty.

Dungeon Overview and Level Annotations

Branches:
Dungeon (10/15)            Temple (1/1) D:7             Orc (0/2) D:9
   Lair: D:8-11

Altars:
Ashenzari
Cheibriados
Elyvilon
Gozag
Hepliaklqana
Kikubaaqudgha
Makhleb
Ru
Sif Muna
Trog
Uskayaw
Vehumet
Wu Jian
Xom
Yredelemnul
Zin
The Shining One

Annotations:
D:9 1 runed translucent door, ambioZ's ghost, novice MiBe
D:10 1 runed translucent door


Innate Abilities, Weirdness & Mutations

You are resistant to damage.
You can heal yourself by infusing magical energy.
You passively map the area around you.
You do not regenerate.


Message History

The fire dragon roars deafeningly!
The fire dragon barely misses you. The fire dragon closely misses you.
The fire dragon barely misses you.
You feel much better. The ice dragon barely misses you.
The ice dragon claws you. You block the ice dragon's attack.
You catch the helpless fire dragon completely off-guard!
You slash the fire dragon!
The fire dragon is heavily wounded.
You catch the helpless ice dragon completely off-guard!
You slash the ice dragon! You barely miss the fire dragon.
The fire dragon is heavily wounded.
You strike the helpless ice dragon from behind!
You slash the ice dragon! You slash the fire dragon!
You block the ice dragon's attack.
The ice dragon claws you but does no damage.
You block the ice dragon's attack.
You slice the fire dragon!!
The fire dragon is heavily wounded.
You slash the fire dragon! You barely miss the ice dragon.
The fire dragon closely misses you. You block the fire dragon's attack.
The fire dragon tramples you but does no damage.
The fire dragon breathes flames at you. The blast of flame hits you!
You are too injured to fight recklessly!
You are too injured to fight recklessly!
You catch the helpless fire dragon completely off-guard!
You hit the fire dragon.
The fire dragon is heavily wounded.
You slash the ice dragon!
Your plate armour of Zin's Indignation prevents you from hitting the fire dragon.
You block the fire dragon's attack. The fire dragon closely misses you.
You block the fire dragon's attack.
The fire dragon bites you but does no damage.
The fire dragon claws you but does no damage.
The fire dragon closely misses you.
You are too injured to fight recklessly!
You slash the fire dragon!
The fire dragon is severely wounded.
You completely miss the ice dragon. You closely miss the fire dragon.
You block the ice dragon's attack. The ice dragon closely misses you. x2
The fire dragon breathes flames at the fire dragon.
The blast of flame hits the fire dragon.
The fire dragon resists.
The fire dragon roars deafeningly!
You are too injured to fight recklessly!
You are too injured to fight recklessly!
You are too injured to fight recklessly!
You are too injured to fight recklessly!
You feel much better.
You flicker back into view.
The fire dragon breathes flames at you. The blast of flame misses you.
You slash the ice dragon!
The ice dragon is severely wounded.
Your plate armour of Zin's Indignation prevents you from hitting the fire dragon.
You hit the fire dragon but do no damage.
You block the fire dragon's attack.
The fire dragon claws you but does no damage.
You block the fire dragon's attack. The fire dragon completely misses you.
The fire dragon closely misses you.
The fire dragon tramples you but does no damage.
The ice dragon closely misses you. You block the ice dragon's attack.
The ice dragon tramples you.
You stumble backwards!
You slash the ice dragon!
The ice dragon is almost dead.
You slash the fire dragon! You block the fire dragon's attack. x2
The fire dragon tramples you but does no damage.
You hit the ice dragon.
The ice dragon is almost dead.
You hit the fire dragon but do no damage.
The ice dragon breathes frost at you. The blast of cold hits you!!
* * * LOW HITPOINT WARNING * * *
You feel much better. The fire dragon closely misses you.
You block the fire dragon's attack. The fire dragon tramples you.
You stumble backwards!
You slash the fire dragon!
The fire dragon is almost dead.
You slash the ice dragon!
The ice dragon is almost dead.
You slash the fire dragon! You block the fire dragon's attack.
The fire dragon barely misses you.
The fire dragon tramples you but does no damage.
You block the ice dragon's attack. x2; The ice dragon tramples you!
You stumble backwards!
You are too injured to fight recklessly!
You are too injured to fight recklessly!
You are too injured to fight recklessly!
You are too injured to fight recklessly!
You barely miss the ice dragon.
The ice dragon is almost dead.
The fire dragon breathes flames at you. The blast of flame hits you!!!
* * * LOW HITPOINT WARNING * * *
You feel much better. The ice dragon breathes frost at you.
The blast of cold hits you!!!
Ouch! That really hurt!
You die...

..............##### #...# #.#
......).......# #...#####.#
..............# #.........#
.##....##.##..## #.........#
.##............### ####......#
.....####'####...# #......#
.....#....#≈≈#.D.# #.###..#
.....#.⌠..#≈≈#.DD# #.# #..#
..>..#....####..@# #.# #..#
.....#...[...#...# #.###..#
####.####....#.'########......#
.....#≈≈#..⌠.#................#
)....#≈≈#....#................#
#....####+####................#
#.............................#
#.......#.....................#
#..<....##.....###............#


You could see 2 fire dragons and an ice dragon.

Vanquished Creatures
  An ice dragon (D:10)
  2 two-headed ogres (D:7 D:8)
  An unseen horror (D:10)
  Pikel (D:4)
  An ugly thing (D:9)
  Psyche (D:9)
  A troll (D:9)
  Prince Ribbit (D:6)
  A hippogriff (D:10)
  Sigmund (D:6)
  A wyvern (D:4)
  A human (D:7)
  4 hogs (D:7)
  2 hungry ghosts (D:8 D:10)
  Edmund (D:6)
  4 orc warriors (D:8 D:9)
  3 sky beasts (D:6 D:7 D:9)
  2 ice beasts (D:5 D:6)
  8 ogres (D:5 D:7 D:9)
  A phantom (D:3)
  An eye of draining (D:8)
  4 centaurs (D:5 D:7 D:9)
  4 big kobolds (D:7 D:9)
  6 bullfrogs (D:6 D:8 D:9)
  2 gnoll sergeants (D:9)
  6 scorpions (D:5 D:6 D:7 D:9)
  A water moccasin zombie (D:6)
  A water moccasin skeleton (D:5)
  2 howler monkeys (D:5 D:8)
  2 electric eels (D:10)
  A bullfrog zombie (D:9)
  5 crimson imps (D:5 D:6 D:7 D:8 D:9)
  A centaur zombie (D:10)
  2 jellies (D:5 D:8)
  9 hounds (D:4 D:5 D:6 D:7 D:8)
  A centaur skeleton (D:4)
  An iguana (D:5)
  6 orc wizards (D:5 D:6 D:8 D:10)
  5 worker ants (D:4 D:5 D:7 D:8 D:9)
  2 hound skeletons (D:4 D:8)
  2 worker ant zombies (D:7)
  5 gnolls (D:5 D:9)
  13 adders (D:3 D:4 D:5 D:7 D:9)
  2 shadow imps (D:5 D:10)
  5 oozes (D:2 D:3 D:4 D:6)
  An adder skeleton (D:8)
  2 worms (D:2 D:3)
  2 dart slugs (D:2 D:3)
  6 leopard geckos (D:2 D:3 D:4 D:6 D:7)
  24 orcs (D:5 D:6 D:7 D:8 D:9)
  2 ball pythons (D:4 D:8)
  11 bats (D:1 D:2)
  5 giant cockroaches (D:1 D:2 D:3 D:4)
  7 goblins (D:1 D:2)
  10 hobgoblins (D:1 D:3)
  13 jackals (D:1 D:4 D:9)
  11 kobolds (D:1 D:2 D:3 D:7)
  5 quokkas (D:3 D:5 D:6 D:7)
  A ball python skeleton (D:4)
  5 frilled lizards (D:1 D:3 D:5)
  2 jackal skeletons (D:4 D:8)
  A leopard gecko skeleton (D:4)
  A quokka skeleton (D:4)
  11 rats (D:1 D:2 D:3)
247 creatures vanquished.

Vanquished Creatures (others)
  5 dream sheep (D:5)
  An ogre (D:4)
  2 orcs (D:10)
8 creatures vanquished.

Grand Total: 255 creatures vanquished

Notes
Turn   | Place    | Note
-------+----------+-------------------------------------------
     0 | D:1      | Monsterracer the Deep Dwarf Fighter began the quest for the
                  | Orb.
     0 | D:1      | Reached XP level 1. HP: 20/20 MP: 1/1
   104 | D:1      | Reached XP level 2. HP: 27/27 MP: 2/2
   462 | D:1      | Reached skill level 3 in Axes
   462 | D:1      | Reached XP level 3. HP: 28/33 MP: 3/3
   667 | D:2      | Found a snail-covered altar of Cheibriados.
  1399 | D:3      | Reached XP level 4. HP: 42/42 MP: 3/3
  1496 | D:3      | Found a glowing golden altar of the Shining One.
  1500 | D:3      | Found a shimmering blue altar of Sif Muna.
  1534 | D:3      | Found a white marble altar of Elyvilon.
  1713 | D:3      | Found an ornate altar of the Wu Jian Council.
  1827 | D:3      | Noticed a phantom
  1856 | D:3      | HP: 21/42 [phantom (1)]
  1858 | D:3      | Killed a phantom
  1858 | D:3      | Reached skill level 4 in Axes
  1858 | D:3      | Reached XP level 5. HP: 49/49 MP: 4/4
  2045 | D:4      | Noticed a wyvern
  2051 | D:4      | HP: 18/49 [wyvern (13)]
  2055 | D:4      | Killed a wyvern
  2055 | D:4      | Reached XP level 6. HP: 44/57 MP: 4/4
  2061 | D:4      | Reached skill level 5 in Axes
  2108 | D:4      | Found a shattered altar of Ashenzari.
  2315 | D:4      | Noticed a slave
  2319 | D:4      | HP: 21/57 [ogre/+0 giant club (13)]
  2319 | D:4      | Noticed Pikel
  2321 | D:4      | Noticed a slave
  2325 | D:4      | Noticed a slave
  2336 | D:4      | Noticed a slave
  2344 | D:4      | Killed Pikel
  2344 | D:4      | Reached skill level 6 in Axes
  2344 | D:4      | Reached skill level 5 in Armour
  2344 | D:4      | Reached skill level 5 in Shields
  2344 | D:4      | Reached XP level 7. HP: 37/66 MP: 4/4
  2585 | D:4      | Found a basalt altar of Yredelemnul.
  2628 | D:5      | Entered Level 5 of the Dungeon
  2637 | D:5      | Reached XP level 8. HP: 58/73 MP: 5/5
  2698 | D:5      | Noticed a dream sheep
  2698 | D:5      | Noticed a dream sheep
  2698 | D:5      | Noticed a dream sheep
  2698 | D:5      | Noticed a dream sheep
  2698 | D:5      | Noticed a dream sheep
  2698 | D:5      | Found a shimmering altar of Xom.
  2700 | D:5      | Killed a dream sheep
  2700 | D:5      | Killed a dream sheep
  2700 | D:5      | Killed a dream sheep
  2700 | D:5      | HP: 17/73 [dream sheep/exploding inner flame (23)]
  2700 | D:5      | Killed a dream sheep
  2700 | D:5      | Reached skill level 7 in Axes
  2704 | D:5      | Killed a dream sheep
  2864 | D:5      | HP: 36/73 [hound (1)]
  2884 | D:5      | Got a pitted plate armour
  2895 | D:5      | Identified the cursed +1 plate armour of Zin's Indignation
                  | {+Inv rN++ Str+2 Int-4} (You found it on level 5 of the
                  | Dungeon)
  2949 | D:5      | Reached skill level 5 in Fighting
  3119 | D:5      | Reached skill level 1 in Evocations
  3206 | D:5      | Reached skill level 8 in Axes
  3392 | D:6      | Found a sacrificial altar of Ru.
  3522 | D:6      | Gained mutation: You passively map the area around you.
                  | [Deep Dwarf growth]
  3522 | D:6      | Reached XP level 9. HP: 48/81 MP: 7/7
  3601 | D:6      | Noticed Sigmund
  3608 | D:6      | Killed Sigmund
  3693 | D:6      | Found the +5 robe of Misfortune {*Contam Harm *Corrode
                  | *Drain *Slow EV+5}
  3942 | D:6      | Noticed Edmund
  3960 | D:6      | Killed Edmund
  4127 | D:6      | Noticed Prince Ribbit
  4135 | D:6      | Killed Prince Ribbit
  4135 | D:6      | Reached skill level 9 in Axes
  4753 | D:7      | Noticed a two-headed ogre
  4759 | D:7      | HP: 34/82 [two-headed ogre/+0 dire flail (11)]
  4774 | D:7      | Reached XP level 10. HP: 48/91 MP: 9/9
  4774 | D:7      | HP: 42/91 [two-headed ogre/+0 dire flail (6)]
  4779 | D:7      | HP: 19/91 [two-headed ogre/+0 dire flail (7)]
  4785 | D:7      | Killed a two-headed ogre
  4785 | D:7      | Reached skill level 10 in Axes
  4785 | D:7      | Reached skill level 5 in Evocations
  4835 | D:7      | Found a staircase to the Ecumenical Temple.
  4880 | Temple   | Entered the Ecumenical Temple
  4985 | Temple   | Became a worshipper of Makhleb the Destroyer
  5062 | D:7      | Found an opulent altar of Gozag.
  5533 | D:8      | Reached skill level 1 in Invocations
  5563 | D:8      | Noticed a two-headed ogre
  5574 | D:8      | HP: 38/92 [two-headed ogre/cursed +0 giant club (15)]
  5581 | D:8      | Killed a two-headed ogre
  5774 | D:8      | Reached * piety under Makhleb
  6076 | D:8      | Found a hazy altar of Hepliaklqana.
  6267 | D:9      | Noticed Psyche
  6274 | D:9      | Killed Psyche
  6368 | D:9      | Noticed a brown ugly thing
  6382 | D:9      | HP: 46/92 [brown ugly thing (4)]
  6386 | D:9      | Killed a brown ugly thing
  6386 | D:9      | Reached skill level 11 in Axes
  6392 | D:9      | HP: 46/94 [bullfrog zombie (3)]
  6523 | D:9      | Found a staircase to the Orcish Mines.
  6544 | D:9      | HP: 43/94 [ogre/+0 giant club (7)]
  6581 | D:9      | Reached XP level 11. HP: 86/100 MP: 10/10
  6616 | D:9      | Reached ** piety under Makhleb
  6804 | D:9      | Found a radiant altar of Vehumet.
  6807 | D:9      | Found a runed translucent door.
  6937 | D:9      | Noticed ambioZ's ghost (novice MiBe)
  7018 | D:10     | Entered Level 10 of the Dungeon
  7164 | D:10     | Found a runed translucent door.
  7164 | D:10     | Noticed a fire dragon
  7164 | D:10     | Noticed an ice dragon
  7167 | D:10     | Found the +2 shield of Resistance {rF+ rC+ MR+}
  7173 | D:10     | Noticed a fire dragon
  7174 | D:10     | Noticed an ice dragon
  7177 | D:10     | Found a runed translucent door.
  7198 | D:10     | Killed an unseen horror
  7914 | D:10     | HP: 48/100 [ice dragon/blast of cold (38)]
  7917 | D:10     | HP: 10/100 [fire dragon/blast of flame (38)]
  7924 | D:10     | HP: 30/100 [ice dragon/blast of cold (47)]
  7929 | D:10     | HP: 46/100 [ice dragon (1)]
  7935 | D:10     | Killed an ice dragon
  7935 | D:10     | Reached skill level 5 in Invocations
  7938 | D:10     | HP: 16/100 [fire dragon/blast of flame (45)]
  7943 | D:10     | HP: 43/100 [fire dragon/blast of flame (16)]
  7949 | D:10     | HP: 27/100 [ice dragon/blast of cold (30)]
  7953 | D:10     | HP: 12/100 [fire dragon/blast of flame (38)]
  7954 | D:10     | Killed from afar by an ice dragon

Levels and vault maps discovered:
D:1:      moated_graveyard_arrival, layout_loops_cross
D:2:      layout_basic, lemuel_tele_altar
D:3:      layout_loops_cross, old_standard_altar, lemuel_round_altar,
          minitemple, first_ration
D:4:      layout_basic, kennysheep_little_box, evilmike_ruin_ashenzari,
          uniq_pikel
D:5:      lemuel_ice_spiral_2, layout_basic, kb_xom_exploding_sheep
D:6:      minmay_polygon_palace, layout_basic, nicolae_ru_the_path_less_chosen,
          uniq_sigmund, uniq_edmund, uniq_prince_ribbit1
D:7:      layout_basic, nicolae_gozag_seed_capital, minmay_temple_entry_hall,
          grunt_livestock
D:8:      layout_basic, kennysheep_mini
D:9:      layout_basic, vehumet_crystals,
          kennysheep_orc_monster_closet_entryway, ebering_ghost_inner_flame,
          minivault_20, hex_intersection, uniq_psyche
D:10:     layout_stronghold, serial_bayou, serial_bayou_crossing,
          serial_bayou_ford_a, serial_bayou_pond_e, serial_bayou_pond_c,
          minmay_guarded_unrand_resistance
Temple:   minmay_temple_curvy_loop

Skill      XL: |  1  2  3  4  5  6  7  8  9 10 11 |
---------------+----------------------------------+-----
Axes           | 3 4 6 8 9 11 | 11.8
Fighting       | 3 4 5 6 7 |  7.5
Armour         | 4 5 6 7 8 9 |  9.0
Shields        | 4 5 6 7 8 9 |  9.0
Evocations     | 2 4 5 |  5.3
Invocations    | 3 5 |  5.0

Action                   |  1- 3 |  4- 6 |  7- 9 | 10-12 || total
-------------------------+-------+-------+-------+-------++-------
Melee: War axe           |   161 |   135 |   308 |   362 ||   966
 Abil: Heal Wounds       |     2 |     3 |     8 |    24 ||    37
       Evoke Invisibilit |       |       |       |     2 ||     2
  Use: Scroll            |       |       |    14 |     6 ||    20
       Potion            |       |       |       |     3 ||     3
 Stab: Fleeing           |       |       |     1 |       ||     1
       Invisible         |       |       |       |     7 ||     7
  Eat: Chunk             |     2 |     3 |     8 |    11 ||    24
       Ration            |       |       |       |     3 ||     3
Armor: Scale mail        |   109 |    50 |     2 |       ||   161
       Chain mail        |       |       |    24 |       ||    24
       Plate armour      |       |       |   128 |   160 ||   288
Dodge: Dodged            |    53 |    35 |    63 |   118 ||   269
Block: Shield            |    90 |    82 |   190 |   233 ||   595
